 Dungeon Crawl Stone Soup version 0.26-a0-540-g8a0c9464d7 (webtiles) character file.

Game seed: 6631217709658717545

231 Inarius the Chopper (level 6, 0/50 HPs)
             Began as a Ghoul Gladiator on Aug 23, 2020.
             Slain by a worker ant (4 damage)
             ... on level 3 of the Dungeon.
             The game lasted 00:04:05 (3073 turns).

Inarius the Chopper (Ghoul Gladiator)               Turns: 3073, Time: 00:04:06

Health: 0/50       AC:  8    Str: 19    XL:     6   Next: 4%
Magic:  5/5        EV: 10    Int:  4    God:
Gold:   154        SH:  5    Dex: 10    Spells: 5/5 levels left

rFire    . . .     SeeInvis .   a - +0 war axe
rCold    + . .     Faith    .   (no shield)
rNeg     + + +     Spirit   .   q - +0 scale mail
rPois    ∞         Reflect  +   c - +0 helmet
rElec    .         Harm     .   (no cloak)
rCorr    .                      l - +0 pair of gloves
MR       .....                  (no boots)
Stlth    ..........             v - amulet of reflection
HPRegen  0.00/turn              (no ring)
MPRegen  0.09/turn              (no ring)

@: slowed, very slow
A: rotting body, claws 1, cold resistance 1, negative energy resistance 3,
inhibited regeneration, torment resistance, unbreathing
a: no special abilities


You were on level 3 of the Dungeon.
You visited 1 branch of the dungeon, and saw 4 of its levels.

You collected 154 gold pieces.

Inventory:

Hand Weapons
 a - a +0 war axe (weapon)
Missiles
 d - 3 throwing nets (quivered)
Armour
 c - a +0 helmet (worn)
 k - a +0 ring mail
 l - a +0 pair of gloves (worn)
 q - a +0 scale mail (worn)
Jewellery
 v - an amulet of reflection (around neck)
 x - a cursed ring of attention {unknown}
Wands
 t - a wand of random effects (18)
Scrolls
 b - a scroll of remove curse {unknown}
 h - 3 scrolls of identify {unknown}
 m - 2 scrolls of amnesia {unknown}
 r - a scroll of teleportation {unknown}
 s - a scroll of magic mapping {unknown}
 u - a scroll of blinking {unknown}
 w - a scroll of fog {unknown}
Potions
 e - a potion of curing
 f - a potion of lignification {unknown}
 g - a potion of resistance {unknown}
 i - 2 potions of mutation {unknown}
 j - a potion of flight {unknown}
 n - 2 potions of ambrosia {unknown}
 o - a potion of haste
 p - a potion of cancellation {unknown}


   Skills:
 + Level 2.8 Fighting
 * Level 5.0 Axes
 - Level 1.7 Throwing
 * Level 2.1 Armour
 - Level 2.6 Dodging
 * Level 1.0 Evocations


You had 5 spell levels left.
You didn't know any spells.
Your spell library was empty.

Dungeon Overview and Level Annotations

Branches:
Dungeon (4/15)
 Temple: D:4-7

Altars:
Uskayaw
Yredelemnul
Zin


Innate Abilities, Weirdness & Mutations

Your body is rotting away.
You thrive by killing the living.
You are immune to poison.
You have sharp fingernails.
Your flesh is cold resistant. (rC+)
You are immune to negative energy. (rN+++)
You do not regenerate when monsters are visible.
You are immune to unholy pain and torment.
You can survive without breathing.


Message History

The orc wizard is moderately wounded.
The orc wizard hits you but does no damage.
The worker ant misses you. The orc wizard barely misses you.
The worker ant bites you but does no damage.
Evoke which item? (* to show all) (? for menu, Esc to quit)
Aiming: Random Effects
Press: ? - help, Shift-Dir - straight line, f/p - orc wizard
Aim: an orc wizard, wielding a +0 dagger and wearing a +0 robe (moderately wounded)
The bolt of poison misses the orc wizard.
The worker ant bites you.
* * * LOW HITPOINT WARNING * * *
The orc wizard mumbles some strange words.
The orc wizard blinks!
Unknown command.
You barely miss the orc wizard.
The orc wizard is moderately wounded.
You hit the worker ant but do no damage.
The worker ant bites you but does no damage.
The orc wizard barely misses you. The worker ant bites you.
You die...

########
#......#########
#.####.#.......#
#.####.#.#####.########
#.#....)>)..##.##.....#
#......#a##.......###.#
#.[###.#@#####.#### #.#
##.# #.#o#####.# ##.###
#.###.#.......# #.....
#.....######### #..###
###.### #.<### #.#
##########....# #.#
#.....##....... #.#
#.....##.#.##.. #.#
#.....##.#.....


You could see a worker ant and an orc wizard.

Vanquished Creatures
  2 hounds (D:4)
  An orc wizard (D:3)
  Terence (D:3)
  A howler monkey skeleton (D:4)
  2 adders
  2 dart slugs
  2 leopard geckos
  10 orcs
  A ball python (D:3)
  7 bats
  4 giant cockroaches
  7 goblins
  4 hobgoblins
  9 jackals
  2 quokkas (D:2)
  2 frilled lizards
  6 kobolds
  9 rats
72 creatures vanquished.

Notes
Turn   | Place    | Note
-------+----------+-------------------------------------------
     0 | D:1      | Inarius the Ghoul Gladiator began the quest for the Orb.
     0 | D:1      | Reached XP level 1. HP: 17/17 MP: 0/0
   138 | D:1      | Reached skill level 3 in Axes
   166 | D:1      | Reached XP level 2. HP: 14/24 MP: 1/1
  1183 | D:2      | Reached XP level 3. HP: 30/30 MP: 2/2
  1327 | D:2      | Reached skill level 1 in Armour
  1874 | D:3      | Noticed Terence
  1886 | D:3      | Killed Terence
  1886 | D:3      | Reached skill level 4 in Axes
  1886 | D:3      | Reached XP level 4. HP: 19/37 MP: 3/3
  2054 | D:3      | Found a hide-covered altar of Uskayaw.
  2336 | D:3      | Reached XP level 5. HP: 35/42 MP: 4/4
  2607 | D:3      | Found a basalt altar of Yredelemnul.
  2780 | D:3      | Found a glowing silver altar of Zin.
  3040 | D:4      | Reached skill level 5 in Axes
  3040 | D:4      | Reached skill level 1 in Evocations
  3040 | D:4      | Reached XP level 6. HP: 26/50 MP: 5/5
  3063 | D:4      | HP: 2/50 [worker ant (3)]
  3073 | D:3      | Slain by a worker ant

Illustrated notes

Levels and vault maps discovered:
D:1:      co_arrival_random_square_maze, layout_loops_ring
D:2:      layout_basic
D:3:      layout_loops_cross, lemuel_round_altar, overflow_temple_1_default,
          lemuel_coloured_pillars_altar, uniq_terence
D:4:      kennysheep_six_static_rooms, layout_cave_pools, lemuel_round_altar,
          lightli_sewer_entry_pipes, kennysheep_nondescript, kennysheep_doodads

Skill      XL: |  1  2  3  4  5 |
---------------+----------------+-----
Axes           | 3 4 5 |  5.0
Armour         | 1 2 |  2.1
Evocations     | 1 |  1.0
Fighting       | |  2.8
Throwing       | |  1.7
Dodging        | |  2.6

Action                   |  1- 3 |  4- 6 || total
-------------------------+-------+-------++-------
Melee: War axe           |   132 |   163 ||   295
Evoke: Wand              |       |     2 ||     2
  Use: Potion            |       |     1 ||     1
Armor: Leather armour    |    20 |       ||    20
       Ring mail         |    32 |       ||    32
       Scale mail        |    22 |   104 ||   126
Dodge: Dodged            |   112 |   140 ||   252
Block: Other             |       |    37 ||    37

Table legend: (Time is in decaauts)
 A = Elapsed time spent in this place.
 B = Non-inter-level travel time spent in this place.
 C = Inter-level travel time spent in this place.
 D = Time resting spent in this place.
 E = Time spent auto-exploring this place.
 F = Levels seen in this place.
 G = Mean time per level.
                   A        B        C        D        E       F      G
               +--------+--------+--------+--------+--------+-----+--------+
         Total |   3179 |   3051 |    128 |    261 |   2130 |   4 |  794.8 |
       Dungeon |   3179 |   3051 |    128 |    261 |   2130 |   4 |  794.8 |
               +--------+--------+--------+--------+--------+-----+--------+

Top non-repeatable levels by time:
     D:3: 1124 daAuts
     D:1: 1032 daAuts
     D:2: 809 daAuts
     D:4: 212 daAuts
